 Dungeon Crawl Stone Soup version 0.31-a0-236-g9a0961fb85 (webtiles) character file.

Game seed: 12868744962968772272

55341 qw the Marksgargoyle (level 14, -17/96 HPs)
             Began as a Gargoyle Hexslinger on July 10, 2023.
             Was a High Priest of Okawaru.
             Shot with an arrow by a centaur warrior (19 damage)
             ... on level 13 of the Dungeon.
             The game lasted 00:08:07 (17702 turns).

qw the Marksgargoyle (Gargoyle Hexslinger)         Turns: 17702, Time: 00:08:07

Health: -17/96     AC: 30    Str: 14    XL:     14   Next: 76%
Magic:  21/21      EV: 17    Int: 13    God:    Okawaru [*****.]
Gold:   1077       SH:  0    Dex: 16    Spells: 14/15 levels left

rFire   + . .        v - +3 arbalest (heavy)
rCold   . . .        (shield currently unavailable)
rNeg    + . .        r - +2 ring mail {Will+}
rPois   inf          t - +2 hat
rElec   +            k - +0 cloak
rCorr   .            h - +2 pair of gloves
SInv    .            (no boots)
Will    ++...        l - amulet of faith
Stlth   ++           u - +4 ring of protection
HPRegen 0.36/turn    p - ring of protection from fire
MPRegen 0.17/turn

%: faith
@: about to teleport, heroic, flying
A: sickness immunity, AC +10, big wings, negative energy resistance 1,
electricity resistance, torment resistance 1, petrification resistance
a: Renounce Religion, Heroism, Finesse, Duel


You were on level 13 of the Dungeon.
You worshipped Okawaru.
Okawaru was extremely pleased with you.
You visited 2 branches of the dungeon, and saw 18 of its levels.

You collected 1356 gold pieces.
You spent 279 gold pieces at shops.


Innate Abilities, Weirdness & Mutations

You are immune to sickness and miasma.
Your stone body is resilient. (AC +10)
You are immune to poison.
Your large and strong wings let you fly.
You resist negative energy. (rN+)
You are resistant to electric shocks. (rElec)
You are resistant to unholy torment.
You are immune to petrification.


   Skills:
 - Level 14.0(19.0) Fighting
 - Level 18.0(23.0) Ranged Weapons
 + Level 4.6(9.6) Armour
 - Level 7.0(12.0) Dodging
 - Level 1.0 Spellcasting
 - Level 2.6 Hexes
 - Level 10.0 Invocations


You had 14 spell levels left.
You knew the following spells:

 Your Spells              Type           Power      Damage    Failure   Level
a - Slow                  Hex            28%        N/A       17%         1

Your spell library contained the following spells:

 Spells                   Type           Power      Damage    Failure   Level
 Inner Flame              Hex/Fire       4%         N/A       65%         3
 Portal Projectile        Hex/Tloc       8%         N/A       65%         3
 Cause Fear               Hex            3%         N/A       86%         4

Inventory:

Hand Weapons
 v - a +3 heavy arbalest (weapon)
Armour
 g - the +0 leather armour of Darkness {rCorr Int+3 Slay+2}
   (You took it off a goblin on level 2 of the Dungeon)

   Int:       It affects your intelligence (+3).
   Slay:      It affects your accuracy & damage with ranged weapons and melee
   (+2).
   rCorr:     It protects you from acid and corrosion.
 h - a +2 pair of gloves (worn)
 k - a +0 cloak (worn)
 q - a +2 robe of cold resistance
 r - a +2 ring mail of willpower (worn)
 t - a +2 hat (worn)
 y - a +2 robe of fire resistance
Jewellery
 c - a ring of protection from cold
 e - an amulet of reflection
 l - an amulet of faith (around neck)
 n - a +6 ring of strength
 p - a ring of protection from fire (right hand)
 u - a +4 ring of protection (left hand)
Wands
 x - a wand of digging (3)
Scrolls
 f - 9 scrolls of identify
 j - 2 scrolls of teleportation
Potions
 a - 3 potions of might
 b - 6 potions of curing
 i - 2 potions of mutation
 m - 2 potions of enlightenment
 o - a potion of haste

Dungeon Overview and Level Annotations

Branches:
Dungeon (13/15)            Temple (0/1) D:4            Lair (5/5) D:11
  Swamp (0/4) Lair:3        Snake (0/4) Lair:2        Slime (0/5) Lair:4
    Orc (0/2) D:11
 Vaults: D:13-14

Altars:
Cheibriados
Dithmenos
Elyvilon
Hepliaklqana
Makhleb
Okawaru
Trog
Uskayaw
Wu Jian
Zin
Jiyva

Shops:
D:3 *[?*   D:5 !(

Portals:
Abyss: D:6

Annotations:
D:3 1 runed translucent door, Crazy Yiuf
D:6 2 transporters, qw's ghost, novice MiHs
D:7 exclusion: 3 orc warriors
D:8 3 runed translucent doors, qw's ghost, novice GrFi
D:9 4 transporters


Message History

The centaur warrior hits you but does no damage.
The centaur warrior kicks you but does no damage.
The centaur warrior shoots an arrow.
The arrow barely misses you.
The centaur warrior hits you but does no damage.
The centaur warrior kicks you but does no damage.
The centaur warrior shoots an arrow.
The arrow hits you but does no damage.
You shoot a bolt.
The bolt barely misses the centaur warrior.
The centaur warrior hits you but does no damage.
The centaur warrior kicks you but does no damage.
The centaur warrior shoots an arrow.
The arrow completely misses you.
The centaur warrior hits you but does no damage.
The centaur warrior kicks you but does no damage.
The centaur warrior closely misses you.
The centaur warrior kicks you but does no damage.
You shoot a bolt. The bolt hits the centaur warrior!!!
You kill the centaur warrior!
Okawaru accepts your kill.
You can now enter into single combat with a foe.
Okawaru will now gift you equipment as you gain piety.
The centaur warrior shoots an arrow.
The arrow hits you!!
The centaur warrior shoots an arrow.
The arrow barely misses you.
The centaur warrior shoots an arrow.
The arrow barely misses you.
You shoot a bolt.
The bolt closely misses the centaur warrior.
The centaur warrior shoots an arrow.
The arrow hits you!
The centaur warrior shoots an arrow.
The arrow hits you but does no damage.
17700 ||| READING 3 scrolls of teleportation.
As you read the scroll of teleportation, it crumbles to dust.
You feel strangely unstable.
The centaur warrior shoots an arrow.
The arrow hits you but does no damage.
The centaur warrior shoots an arrow.
The arrow hits you but does no damage.
You shoot a bolt. The bolt hits the centaur warrior!!
The centaur warrior is moderately wounded.
The centaur warrior shoots an arrow.
The arrow hits you.
The centaur warrior shoots an arrow.
The arrow hits you!
You shoot a bolt. The bolt hits the centaur warrior!
The centaur warrior is severely wounded.
The centaur warrior shoots an arrow.
The arrow hits you!!
You die...

.# ... #...
.## ###...
.... ## .#c.#
..###.#...
#.#.#).# .
#...@# #..
.)..#..##
...# .
##..###.....
#.##......#
#.....<.##..#
...######## .


You could see a centaur warrior.

Vanquished Creatures
  A dire elephant (Lair:5)
  Fannar (D:10)
  4 hydras
  A centaur warrior (D:13)
  A catoblepas (Lair:3)
  6 death yaks (Lair:5)
  3 skysharks
  Pikel (D:8)
  2 ugly things
  2 cyclopes
  23 elephants
  4 black mambas
  A gargoyle (D:10)
  8 cane toads
  Psyche (D:8)
  3 rime drakes
  An efreet (D:13)
  3 kobold demonologists (D:11)
  3 komodo dragons
  3 trolls
  9 polar bears (Lair:5)
  Grinder (D:6)
  14 blink frogs
  4 raiju (Lair:5)
  5 slime creatures (D:12)
  2 shadows (D:9)
  2 vampires (D:7)
  6 wraiths
  50 yaks
  5 wyverns
  3 basilisks
  3 steam dragons
  3 vampire mosquitoes (D:12)
  6 wargs (Lair:5)
  2 nagas (Lair:2)
  An acid dragon (D:9)
  Menkaure (D:5)
  13 water moccasins
  11 hell hounds (Lair:5)
  13 black bears
  2 ice beasts
  2 sky beasts
  8 orc warriors
  21 wolves
  5 ogres
  A centaur (D:7)
  3 phantoms (D:6)
  4 kobold brigands
  7 bullfrogs
  A scorpion (D:4)
  A gnoll sergeant (D:9)
  8 wights (D:9)
  16 killer bees
  7 howler monkeys
  4 electric eels (Lair:3)
  5 hounds
  3 lava snakes (Lair:3)
  4 orc priests
  3 jellies
  A sleepcap (D:5)
  2 iguanas
  11 orc wizards
  9 gnolls
  8 adders
  2 shadow imps
  2 white imps
  3 ufetubi (D:5)
  2 worms
  2 dart slugs (D:4)
  59 orcs
  8 ball pythons
  6 endoplasms
  5 giant cockroaches
  2 hobgoblins (D:1)
  3 jackals (D:1)
  4 quokkas
  4 bats
  10 frilled lizards
  4 goblins (D:2)
  14 kobolds
  6 rats
498 creatures vanquished.

Vanquished Creatures (others)
  An orc wizard (D:8)
1 creature vanquished.

Grand Total: 499 creatures vanquished

Notes
Turn   | Place    | Note
-------+----------+-------------------------------------------
     0 | D:1      | qw the Gargoyle Hexslinger began the quest for the Orb.
     0 | D:1      | Reached XP level 1. HP: 12/12 MP: 2/2
     0 | D:1      | 0 ||| qw: Version: 0.3-a-52-g30416fa
     0 | D:1      | 0 ||| qw: Game counter: 4700
     0 | D:1      | 0 ||| qw: Melee chars always use a shield: true
     0 | D:1      | 0 ||| qw: God list: Okawaru
     0 | D:1      | 0 ||| qw: Allow faded altars: false
     0 | D:1      | 0 ||| qw: Do Orc after clearing Dungeon:15 true
     0 | D:1      | 0 ||| qw: Do second Lair branch before Depths: true
     0 | D:1      | 0 ||| qw: Lair rune preference: random
     0 | D:1      | 0 ||| qw: Goals: Normal
     0 | D:1      | 0 ||| PLANNING D:1-11
    72 | D:1      | Reached XP level 2. HP: 16/16 MP: 3/3
   217 | D:1      | Reached skill level 3 in Ranged Weapons
   257 | D:1      | Found a faded altar of an unknown god.
   473 | D:1      | Reached XP level 3. HP: 18/21 MP: 4/4
   563 | D:1      | 563 ||| UPGRADING to +0 pair of gloves.
   568 | D:1      | 568 ||| UPGRADING to amulet of reflection.
   573 | D:1      | 573 ||| UPGRADING to amulet of faith.
   583 | D:1      | 583 ||| READING scroll labelled FOAL OVAIT QUCLE.
   584 | D:1      | 584 ||| READING scroll labelled RINGOCKIGOK.
   585 | D:1      | 585 ||| READING scroll labelled HER NADEGAAH.
   589 | D:1      | 589 ||| DRINKING 2 viscous green potions.
   590 | D:1      | 590 ||| DROPPING scroll of poison.
   591 | D:1      | 591 ||| DROPPING potion of degeneration.
  1077 | D:2      | Identified the +0 leather armour of Darkness {rCorr Int+3
                  | Slay+2}
  1112 | D:2      | 1112 ||| UPGRADING to +0 ring mail.
  1122 | D:2      | 1122 ||| DROPPING +0 robe.
  1123 | D:2      | 1123 ||| UPGRADING to +0 leather armour of Darkness {rCorr
                  | Int+3 Slay+2}.
  1133 | D:2      | 1133 ||| DROPPING +0 ring mail.
  1134 | D:2      | 1134 ||| READING scroll labelled NAXZOO ROLI.
  1230 | D:3      | Reached XP level 4. HP: 26/26 MP: 5/5
  1246 | D:3      | Found a hide-covered altar of Uskayaw.
  1279 | D:3      | Found Hagrytav's General Store.
  1287 | D:3      | 1287 ||| SHOPLISTING ring of protection from cold (300
                  | gold, have 119).
  1287 | D:3      | 1287 ||| BUYING scroll of enchant weapon (90 gold).
  1287 | D:3      | Bought a scroll of enchant weapon for 90 gold pieces
  1287 | D:3      | 1287 ||| SHOPLISTING scroll of teleportation (36 gold, have
                  | 29).
  1287 | D:3      | 1287 ||| READING scroll of enchant weapon.
  1287 | D:3      | 1287 ||| ENCHANTING +1 sling.
  1310 | D:3      | Found a runed translucent door.
  1311 | D:3      | Noticed Crazy Yiuf
  1435 | D:3      | Reached skill level 4 in Ranged Weapons
  1559 | D:3      | Found Reunaf's Magic Scroll Boutique.
  1565 | D:3      | 1565 ||| BUYING scroll of enchant armour (97 gold).
  1565 | D:3      | Bought a scroll of enchant armour for 97 gold pieces
  1565 | D:3      | 1565 ||| BUYING scroll of identify (26 gold).
  1565 | D:3      | Bought a scroll of identify for 26 gold pieces
  1565 | D:3      | 1565 ||| SHOPLISTING scroll of teleportation (39 gold, have
                  | 29).
  1565 | D:3      | 1565 ||| READING scroll of enchant armour.
  1565 | D:3      | 1565 ||| ENCHANTING +0 pair of gloves.
  1594 | D:3      | Found Huojakk's Armour Emporium.
  1598 | D:3      | 1598 ||| SHOPLISTING +0 pair of boots of rampaging (115
                  | gold, have 29).
  1598 | D:3      | 1598 ||| SHOPLISTING +1 ring mail of willpower (160 gold,
                  | have 29).
  1625 | D:3      | Found Fujaiff's General Store.
  1633 | D:3      | 1633 ||| SHOPLISTING +0 helmet (58 gold, have 29).
  1633 | D:3      | 1633 ||| SHOPLISTING potion of haste (130 gold, have 29).
  1647 | D:3      | Found a burning altar of Makhleb.
  1651 | D:3      | Found an iron altar of Okawaru.
  1652 | D:3      | 1652 ||| PLANNING OKAWARU WORSHIP
  1652 | D:3      | 1652 ||| READING 2 scrolls of identify.
  1652 | D:3      | 1652 ||| IDENTIFYING murky dark potion
  1653 | D:3      | Found a white marble altar of Elyvilon.
  1656 | D:3      | Became a worshipper of Warmaster Okawaru
  1657 | D:3      | 1657 ||| PLANNING D:1-11
  1658 | D:3      | Found an ornate altar of the Wu Jian Council.
  1897 | D:4      | Noticed an ogre
  1905 | D:4      | Killed an ogre
  1906 | D:4      | Reached skill level 5 in Ranged Weapons
  1906 | D:4      | Reached XP level 5. HP: 30/30 MP: 6/6
  1973 | D:4      | Reached skill level 3 in Fighting
  1978 | D:4      | Reached * piety under Okawaru
  1985 | D:4      | Found a staircase to the Ecumenical Temple.
  2004 | D:4      | Reached XP level 6. HP: 37/37 MP: 7/7
  2150 | D:4      | Reached skill level 1 in Invocations
  2212 | D:4      | Found a hazy altar of Hepliaklqana.
  2749 | D:4      | 2749 ||| UPGRADING to ring of protection from fire.
  2810 | D:5      | Entered Level 5 of the Dungeon
  2823 | D:5      | Noticed Menkaure
  2824 | D:5      | 2824 ||| INVOKING Heroism.
  2831 | D:5      | Killed Menkaure
  2832 | D:5      | Reached skill level 6 in Ranged Weapons
  2910 | D:5      | Reached XP level 7. HP: 41/41 MP: 7/9
  2951 | D:5      | Reached skill level 1 in Armour
  2951 | D:5      | Reached skill level 3 in Invocations
  2982 | D:5      | Found Toxehe Kiag's Distillery.
  2989 | D:5      | 2989 ||| BUYING potion of curing (33 gold).
  2989 | D:5      | Bought a potion of curing for 33 gold pieces
  2989 | D:5      | 2989 ||| BUYING potion of curing (33 gold).
  2989 | D:5      | Bought a potion of curing for 33 gold pieces
  2989 | D:5      | 2989 ||| SHOPLISTING potion of haste (110 gold, have 27).
  2989 | D:5      | 2989 ||| SHOPLISTING potion of heal wounds (55 gold, have
                  | 27).
  2989 | D:5      | 2989 ||| SHOPLISTING potion of might (44 gold, have 27).
  3072 | D:5      | 3072 ||| INVOKING Heroism.
  3099 | D:5      | Found Kekhaopp's Weapon Emporium.
  3251 | D:5      | 3251 ||| INVOKING Heroism.
  3328 | D:5      | 3328 ||| INVOKING Heroism.
  3560 | D:5      | 3560 ||| INVOKING Heroism.
  3668 | D:5      | 3668 ||| INVOKING Heroism.
  3793 | D:5      | 3793 ||| UPGRADING to +0 cloak.
  3798 | D:5      | 3798 ||| READING 2 scrolls labelled HEGRAA YFU NAL.
  3799 | D:5      | 3799 ||| READING scroll labelled ZUSMOIFACK.
  3900 | D:5      | 3900 ||| DRINKING 3 lumpy amethyst potions.
  4005 | D:5      | 4005 ||| DROPPING 2 potions of berserk rage.
  4006 | D:5      | 4006 ||| DROPPING scroll of noise.
  4042 | D:6      | Reached skill level 7 in Ranged Weapons
  4042 | D:6      | Reached XP level 8. HP: 48/48 MP: 11/11
  4098 | D:6      | Reached ** piety under Okawaru
  4121 | D:6      | Found a transporter.
  4165 | D:6      | Found a one-way gate to the infinite horrors of the Abyss.
  4165 | D:6      | Noticed qw's ghost (novice MiHs)
  4172 | D:6      | Found a transporter.
  4254 | D:6      | 4254 ||| INVOKING Heroism.
  4269 | D:6      | HP: 12/48 [orc warrior/+0 war axe (6)]
  4270 | D:6      | 4270 ||| READING 3 scrolls of teleportation.
  4274 | D:6      | Found a glowing silver altar of Zin.
  4274 | D:6      | Noticed an angel
  4432 | D:6      | Reached skill level 8 in Ranged Weapons
  4437 | D:6      | 4437 ||| INVOKING Heroism.
  4632 | D:6      | Noticed a smoke demon
  4634 | D:6      | Noticed a ynoxinul
  4690 | D:6      | 4690 ||| INVOKING Heroism.
  4713 | D:6      | HP: 11/50 [orc wizard/+0 dagger (3)]
  4714 | D:6      | 4714 ||| READING 2 scrolls of teleportation.
  5013 | D:6      | Noticed Grinder
  5014 | D:6      | 5014 ||| INVOKING Heroism.
  5021 | D:6      | Killed Grinder
  5022 | D:6      | Reached skill level 3 in Dodging
  5096 | D:6      | 5096 ||| INVOKING Heroism.
  5226 | D:6      | 5226 ||| READING scroll labelled NUNITU SUDUEK.
  5227 | D:6      | 5227 ||| READING 2 scrolls of identify.
  5227 | D:6      | 5227 ||| IDENTIFYING murky silvery potion
  5228 | D:6      | 5228 ||| DROPPING potion of invisibility.
  5347 | D:7      | 5347 ||| SWAPPING to +0 orcbow.
  5353 | D:7      | Reached XP level 9. HP: 54/54 MP: 12/12
  5362 | D:7      | 5362 ||| DROPPING +2 sling of electrocution.
  5396 | D:7      | 5396 ||| INVOKING Heroism.
  5412 | D:7      | Reached skill level 9 in Ranged Weapons
  5423 | D:7      | 5423 ||| INVOKING Heroism.
  5442 | D:7      | 5442 ||| DRINKING 2 ruby potions.
  5452 | D:7      | 5452 ||| FLEEEEING.
  5453 | D:7      | 5453 ||| FLEEEEING.
  5454 | D:7      | 5454 ||| FLEEEEING.
  5455 | D:7      | 5455 ||| FLEEEEING.
  5456 | D:7      | 5456 ||| FLEEEEING.
  5464 | D:7      | 5464 ||| FLEEEEING.
  5465 | D:7      | 5465 ||| FLEEEEING.
  5480 | D:7      | 5480 ||| FLEEEEING.
  5485 | D:7      | 5485 ||| STAIRDANCE
  5563 | D:7      | 5563 ||| INVOKING Heroism.
  5593 | D:7      | Reached skill level 6 in Fighting
  5638 | D:7      | 5638 ||| INVOKING Heroism.
  5670 | D:7      | 5670 ||| DRINKING 5 potions of curing.
  5670 | D:7      | 5670 ||| (to cure confusion)
  5678 | D:7      | 5678 ||| INVOKING Heroism.
  5838 | D:7      | Reached skill level 10 in Ranged Weapons
  6189 | D:7      | 6189 ||| READING 3 scrolls of identify.
  6189 | D:7      | 6189 ||| IDENTIFYING sapphire potion
  6190 | D:7      | 6190 ||| DROPPING potion of brilliance.
  6241 | D:8      | 6241 ||| DRINKING 4 potions of curing.
  6241 | D:8      | 6241 ||| (to cure confusion)
  6242 | D:8      | 6242 ||| INVOKING Heroism.
  6242 | D:8      | Noticed Psyche
  6253 | D:8      | Killed Psyche
  6253 | D:8      | Reached *** piety under Okawaru
  6311 | D:8      | 6311 ||| FLEEEEING.
  6312 | D:8      | 6312 ||| STAIRDANCE
  6500 | D:8      | 6500 ||| INVOKING Heroism.
  6531 | D:8      | Reached XP level 10. HP: 63/63 MP: 13/13
  6544 | D:8      | Noticed Pikel
  6559 | D:8      | Killed Pikel
  6559 | D:8      | Reached **** piety under Okawaru
  6560 | D:8      | Reached skill level 11 in Ranged Weapons
  6695 | D:8      | 6695 ||| READING scroll of enchant weapon.
  6695 | D:8      | 6695 ||| ENCHANTING +0 orcbow.
  6747 | D:8      | Found a runed translucent gate.
  6748 | D:8      | Found a runed translucent gate.
  6749 | D:8      | Found a runed translucent gate.
  6751 | D:8      | Noticed qw's ghost (novice GrFi)
  6754 | D:8      | 6754 ||| INVOKING Heroism.
  6804 | D:8      | 6804 ||| FLEEEEING.
  6805 | D:8      | 6805 ||| FLEEEEING.
  6806 | D:8      | 6806 ||| FLEEEEING.
  6809 | D:8      | 6809 ||| FLEEEEING.
  6812 | D:8      | 6812 ||| FLEEEEING.
  6843 | D:8      | 6843 ||| FLEEEEING.
  6844 | D:8      | 6844 ||| FLEEEEING.
  6845 | D:8      | 6845 ||| FLEEEEING.
  6848 | D:8      | 6848 ||| STAIRDANCE
  6877 | D:7      | 6877 ||| READING scroll labelled OGAJENGI HILIM.
  6878 | D:7      | 6878 ||| DRINKING 2 white potions.
  6879 | D:7      | 6879 ||| READING 3 scrolls of identify.
  6879 | D:7      | 6879 ||| IDENTIFYING bubbling ruby potion
  6904 | D:8      | Noticed a spectral unseen horror
  7055 | D:8      | Found a snail-covered altar of Cheibriados.
  7121 | D:9      | Found a shadowy altar of Dithmenos.
  7160 | D:9      | 7160 ||| INVOKING Heroism.
  7248 | D:9      | 7248 ||| INVOKING Heroism.
  7445 | D:9      | Reached skill level 12 in Ranged Weapons
  7483 | D:9      | 7483 ||| INVOKING Heroism.
  7500 | D:9      | Reached skill level 6 in Invocations
  7598 | D:9      | 7598 ||| INVOKING Heroism.
  7715 | D:9      | 7715 ||| DRINKING 3 potions of curing.
  7715 | D:9      | 7715 ||| (to cure confusion)
  7790 | D:9      | 7790 ||| INVOKING Heroism.
  7909 | D:9      | Found a transporter.
  7911 | D:9      | Found a transporter.
  7913 | D:9      | Found a transporter.
  8170 | D:9      | Found a bloodstained altar of Trog.
  8178 | D:9      | 8178 ||| INVOKING Heroism.
  8208 | D:9      | 8208 ||| READING scroll of brand weapon.
  8208 | D:9      | 8208 ||| BRANDING +1 orcbow.
  8245 | D:9      | Reached XP level 11. HP: 68/68 MP: 16/16
  8410 | D:9      | Found a transporter.
  8542 | D:10     | Entered Level 10 of the Dungeon
  8700 | D:10     | 8700 ||| INVOKING Heroism.
  8706 | D:10     | HP: 16/68 [yak (7)]
  8707 | D:10     | 8707 ||| READING 3 scrolls of teleportation.
  8876 | D:10     | Noticed Fannar
  8880 | D:10     | Killed Fannar
  8881 | D:10     | Reached skill level 13 in Ranged Weapons
  8900 | D:10     | 8900 ||| INVOKING Heroism.
  8974 | D:10     | 8974 ||| READING scroll of enchant weapon.
  8974 | D:10     | 8974 ||| ENCHANTING +1 heavy orcbow.
  9043 | D:10     | 9043 ||| READING scroll of enchant weapon.
  9043 | D:10     | 9043 ||| ENCHANTING +2 heavy orcbow.
  9100 | D:10     | Reached ***** piety under Okawaru
  9116 | D:10     | Identified the amulet "Nunk" {Acrobat +Blink}
  9322 | D:10     | 9322 ||| INVOKING Heroism.
  9332 | D:10     | 9332 ||| Stepping ~*~*~tactically~*~*~ (outnumbered).
  9738 | D:10     | 9738 ||| INVOKING Heroism.
 10022 | D:10     | 10022 ||| UPGRADING to +2 robe of cold resistance.
 10032 | D:10     | 10032 ||| DROPPING amulet "Nunk" {Acrobat +Blink}.
 10033 | D:10     | 10033 ||| UPGRADING to ring of resist corrosion.
 10034 | D:10     | 10034 ||| READING scroll labelled AWNURET NYITTA.
 10035 | D:10     | 10035 ||| READING scroll labelled CUN CAT SEYPT.
 10220 | D:11     | Found a staircase to the Orcish Mines.
 10237 | D:11     | 10237 ||| INVOKING Heroism.
 10277 | D:11     | Reached skill level 9 in Invocations
 10357 | D:11     | Found a staircase to the Lair.
 10401 | D:11     | Noticed a green ugly thing
 10406 | D:11     | Killed a green ugly thing
 10539 | D:11     | Reached skill level 9 in Fighting
 10611 | D:11     | Received a gift from Okawaru
 10706 | D:11     | Noticed a cyclops
 10707 | D:11     | 10707 ||| INVOKING Heroism.
 10710 | D:11     | Killed a cyclops
 10860 | D:11     | 10860 ||| PLANNING LAIR
 10860 | D:11     | 10860 ||| UPGRADING to +4 ring of protection.
 10862 | D:11     | 10862 ||| UPGRADING to ring of protection from fire.
 10864 | D:11     | 10864 ||| READING 3 scrolls of identify.
 10864 | D:11     | 10864 ||| IDENTIFYING silvery potion
 10865 | D:11     | 10865 ||| DROPPING potion of lignification.
 10910 | Lair:1   | Entered Level 1 of the Lair of Beasts
 10911 | Lair:1   | 10911 ||| INVOKING Heroism.
 10914 | Lair:1   | Received a gift from Okawaru
 10963 | Lair:1   | Reached XP level 12. HP: 76/76 MP: 19/19
 10972 | Lair:1   | 10972 ||| INVOKING Heroism.
 10980 | Lair:1   | Reached skill level 14 in Ranged Weapons
 11092 | Lair:1   | 11092 ||| INVOKING Heroism.
 11742 | Lair:1   | 11742 ||| READING scroll labelled GYPRIP TAPLOA.
 11771 | Lair:2   | 11771 ||| STAIRDANCE
 11779 | Lair:1   | 11779 ||| INVOKING Heroism.
 11953 | Lair:2   | Reached skill level 15 in Ranged Weapons
 11992 | Lair:2   | You fall into a shaft and drop 2 floors!
 12013 | Lair:4   | 12013 ||| UPGRADING to +2 hat.
 12025 | Lair:4   | Reached ****** piety under Okawaru
 12096 | Lair:2   | 12096 ||| INVOKING Heroism.
 12208 | Lair:2   | Received a gift from Okawaru
 12210 | Lair:2   | 12210 ||| SWAPPING to +1 heavy arbalest.
 12211 | Lair:2   | 12211 ||| DROPPING +3 heavy orcbow.
 12280 | Lair:2   | 12280 ||| INVOKING Heroism.
 12681 | Lair:2   | Found a staircase to the Snake Pit.
 12824 | Lair:2   | 12824 ||| DROPPING ring of resist corrosion.
 12825 | Lair:2   | 12825 ||| DROPPING ring of positive energy.
 12867 | Lair:3   | Reached XP level 13. HP: 82/82 MP: 20/20
 12871 | Lair:3   | Reached skill level 16 in Ranged Weapons
 12906 | Lair:3   | 12906 ||| READING scroll of enchant weapon.
 12906 | Lair:3   | 12906 ||| ENCHANTING +1 heavy arbalest.
 13074 | Lair:3   | Found a staircase to the Swamp.
 13085 | Lair:3   | 13085 ||| INVOKING Heroism.
 13087 | Lair:3   | 13087 ||| INVOKING Finesse.
 13091 | Lair:3   | Identified the +1 shortbow "Kyuc" {drain, Str-2 Int+2 SInv}
                  | (Okawaru gifted it to you on level 3 of the Lair of Beasts)
 13091 | Lair:3   | Received a gift from Okawaru
 13138 | Lair:3   | 13138 ||| INVOKING Heroism.
 13245 | Lair:3   | 13245 ||| INVOKING Heroism.
 13250 | Lair:3   | Reached skill level 3 in Armour
 13282 | Lair:3   | 13282 ||| INVOKING Heroism.
 13287 | Lair:3   | HP: 20/84 [eight-headed hydra (7)]
 13288 | Lair:3   | 13288 ||| READING 3 scrolls of teleportation.
 13290 | Lair:3   | HP: 7/84 [cane toad (7)]
 13570 | Lair:3   | 13570 ||| INVOKING Heroism.
 13965 | Lair:3   | 13965 ||| READING 5 scrolls of identify.
 13965 | Lair:3   | 13965 ||| IDENTIFYING fizzy red potion
 13993 | Lair:4   | 13993 ||| STAIRDANCE
 13997 | Lair:3   | 13997 ||| INVOKING Heroism.
 14153 | Lair:4   | 14153 ||| INVOKING Heroism.
 14161 | Lair:4   | Received a gift from Okawaru
 14243 | Lair:4   | 14243 ||| DROPPING +1 hand crossbow of freezing.
 14268 | Lair:4   | Found a viscous altar of Jiyva.
 14268 | Lair:4   | Found a staircase to the Slime Pits.
 14312 | Lair:4   | Reached skill level 17 in Ranged Weapons
 14574 | Lair:4   | 14574 ||| INVOKING Heroism.
 14605 | Lair:4   | 14605 ||| FLEEEEING.
 14614 | Lair:4   | 14614 ||| STAIRDANCE
 14697 | Lair:3   | 14697 ||| READING scroll labelled UNAUHASTR WIUKE.
 14698 | Lair:3   | 14698 ||| READING 5 scrolls of identify.
 14698 | Lair:3   | 14698 ||| IDENTIFYING bubbling amethyst potion
 14699 | Lair:3   | 14699 ||| DROPPING potion of ambrosia.
 14797 | Lair:4   | 14797 ||| INVOKING Heroism.
 14801 | Lair:4   | Reached skill level 6 in Dodging
 15037 | Lair:5   | Entered Level 5 of the Lair of Beasts
 15038 | Lair:5   | 15038 ||| INVOKING Heroism.
 15069 | Lair:5   | 15069 ||| INVOKING Finesse.
 15082 | Lair:5   | Received a gift from Okawaru
 15098 | Lair:5   | 15098 ||| INVOKING Heroism.
 15102 | Lair:5   | Received a gift from Okawaru
 15114 | Lair:5   | 15114 ||| INVOKING Finesse.
 15132 | Lair:5   | 15132 ||| INVOKING Finesse.
 15135 | Lair:5   | Gained mutation: Your large and strong wings let you fly.
                  | [Gargoyle growth]
 15135 | Lair:5   | Reached XP level 14. HP: 90/90 MP: 12/21
 15171 | Lair:5   | Reached skill level 18 in Ranged Weapons
 15198 | Lair:5   | 15198 ||| INVOKING Heroism.
 15199 | Lair:5   | 15199 ||| INVOKING Finesse.
 15461 | Lair:5   | 15461 ||| INVOKING Heroism.
 15518 | Lair:5   | Reached skill level 12 in Fighting
 15518 | Lair:5   | 15518 ||| INVOKING Heroism.
 15518 | Lair:5   | HP: 22/92 [elephant (3)]
 15519 | Lair:5   | 15519 ||| READING 4 scrolls of teleportation.
 15520 | Lair:5   | 15520 ||| DRINKING potion of heal wounds.
 15872 | Lair:5   | 15872 ||| INVOKING Heroism.
 15880 | Lair:5   | 15880 ||| Stepping ~*~*~tactically~*~*~ (outnumbered).
 15890 | Lair:5   | 15890 ||| INVOKING Heroism.
 16010 | Lair:5   | 16010 ||| INVOKING Heroism.
 16065 | Lair:5   | 16065 ||| INVOKING Heroism.
 16173 | Lair:5   | 16173 ||| INVOKING Heroism.
 16218 | Lair:5   | Noticed a dire elephant
 16219 | Lair:5   | 16219 ||| INVOKING Heroism.
 16224 | Lair:5   | Killed a dire elephant
 16328 | Lair:5   | 16328 ||| Stepping ~*~*~tactically~*~*~ (outnumbered).
 16517 | Lair:5   | 16517 ||| READING scroll of enchant armour.
 16517 | Lair:5   | 16517 ||| ENCHANTING +1 pair of gloves.
 16889 | Lair:5   | 16889 ||| PLANNING D
 16889 | Lair:5   | 16889 ||| DROPPING +0 ring mail of cold resistance.
 16890 | Lair:5   | 16890 ||| DROPPING ring of ice.
 16891 | Lair:5   | 16891 ||| READING scroll labelled ITWEILLEXT.
 17217 | D:12     | 17217 ||| READING scroll of enchant weapon.
 17217 | D:12     | 17217 ||| ENCHANTING +2 heavy arbalest.
 17636 | D:12     | 17636 ||| DROPPING +0 steam dragon scales.
 17637 | D:12     | 17637 ||| UPGRADING to +2 ring mail of willpower.
 17693 | D:13     | 17693 ||| INVOKING Heroism.
 17699 | D:13     | HP: 17/96 [centaur warrior/arrow (14)]
 17700 | D:13     | 17700 ||| READING 3 scrolls of teleportation.
 17701 | D:13     | HP: 2/96 [centaur warrior/arrow (15)]
 17702 | D:13     | Shot with an arrow by a centaur warrior

Levels and vault maps discovered:
D:1:      roderic_crossed_star, layout_rooms,
          shapermc_ecumenical_altar_mp_urbaneastern
D:2:      layout_basic
D:3:      layout_basic, nicolae_uskayaw_murder_on_the_dancefloor, minitemple,
          serial_shops, shop, shop, nicolae_shop_stone, shop_coins,
          uniq_crazy_yiuf_cottage
D:4:      layout_basic, nzn_hepliaklqana_mist_gate,
          minmay_temple_entry_sparse_star, fountainhead
D:5:      layout_loops_ring, serial_shops, shop, shop,
          minmay_fractal_squares_gapless_5, uniq_menkaure
D:6:      layout_loops_ring, zin_angel, gammafunk_ghost_abyssal_escape,
          minmay_lizard_king, uniq_grinder
D:7:      nzn_winding_woodlands_small [nzn_winding_woodlands_5x15_twine,
          nzn_winding_woodlands_center_diamonds,
          nzn_winding_woodlands_5x15_sidewinder], layout_rooms
D:8:      layout_cave_pools, mainiacjoe_overflow_alcove_4,
          gammafunk_ghost_necromancy, uniq_psyche, uniq_pikel
D:9:      kennysheep_six_static_rooms, layout_basic, trog_ov_bears_minmay,
          grunt_dithmenos_smoke_and_mirrors, hangedman_abyss_or_decor_stabs,
          nicolae_diode_quadrants
D:10:     layout_layer_cave, special_room [special_room_orc], solitary_fountain,
          uniq_fannar
D:11:     layout_roguey, lair_entry_dummy, orc_0_dummy, st_stairs_5, nrook_uturn
D:12:     layout_irregular_city
D:13:     hellmonk_destroyed_diamonds, layout_basic, nrook_campfire
Lair:1:   layout_roguey
Lair:2:   layout_hall_layers, guppyfry_snake_entry_island
Lair:3:   layout_roguey, swamp_mist, st_stairs_7, nicolae_lair_liquid_snakes
Lair:4:   layout_misc_corridors, slime_entry_1, chequers_serial_rivers_large_b,
          beast_lair_carwin_10, grunt_megastairs_5
Lair:5:   hangedman_lair_caniforms_friends, layout_layer_cave,
          chequers_serial_rivers_micro_b, nicolae_lair_grazing_beasts
          [nicolae_sub_lair_graze_edge, nicolae_sub_lair_graze_edge,
          nicolae_sub_lair_graze_edge, nicolae_sub_lair_graze_edge],
          grunt_megastairs_2

Skill      XL: |  1  2  3  4  5  6  7  8  9 10 11 12 13 14 |
---------------+-------------------------------------------+-----
Ranged Weapons | 3 5 6 7 8 10 12 13 15 17 18 | 18.0
Fighting       | 2 3 4 5 7 8 9 10 11 14 | 14.0
Invocations    | 2 4 6 10 | 10.0
Armour         | 1 2 3 4 |  4.6
Dodging        | 3 4 5 6 7 |  7.0
Spellcasting   | |  1.0
Hexes          | |  2.6

Action                     |  1- 3 |  4- 6 |  7- 9 | 10-12 | 13-15 || total
---------------------------+-------+-------+-------+-------+-------++-------
   Fire: Sling             |   151 |   116 |   262 |       |       ||   529
         Orcbow            |       |       |   200 |   612 |       ||   812
         Arbalest          |       |       |       |    38 |   474 ||   512
 Invoke: Heroism           |       |     1 |    17 |    19 |    21 ||    58
         Finesse           |       |       |       |       |     5 ||     5
    Use: Scroll            |     4 |     3 |     7 |    11 |    10 ||    35
         Potion            |     1 |       |     4 |     2 |     1 ||     8
 Armour: Robe              |    19 |       |       |   138 |   396 ||   553
         Leather armour    |       |    18 |   138 |    88 |       ||   244
         Ring mail         |       |       |       |       |    20 ||    20
  Dodge: Dodged            |    46 |    27 |   172 |   324 |   617 ||  1186

Table legend:
 A = Non-vault XP
 B = Vault XP
 C = Vault XP percentage of total XP
 D = Non-vault monster count
 E = Vault monster count
 F = Vault count percentage of total count
                 A         B        C        D         E       F
            +---------+---------+-------+---------+---------+-------
      Total |   47657 |   31402 |  39.7 |     339 |     160 |  32.1
            +---------+---------+-------+---------+---------+-------
        D:1 |      34 |       0 |   0.0 |      20 |       0 |   0.0
        D:2 |      37 |       0 |   0.0 |      16 |       0 |   0.0
        D:3 |      55 |       0 |   0.0 |      16 |       0 |   0.0
        D:4 |     302 |       0 |   0.0 |      22 |       0 |   0.0
        D:5 |     447 |     267 |  37.4 |      11 |       5 |  31.2
        D:6 |     777 |     316 |  28.9 |      19 |      10 |  34.5
        D:7 |     832 |     663 |  44.3 |      13 |       7 |  35.0
        D:8 |    1223 |    1034 |  45.8 |      30 |       2 |   6.2
        D:9 |    2317 |    1020 |  30.6 |      32 |       8 |  20.0
       D:10 |    2734 |    1501 |  35.4 |      20 |      25 |  55.6
       D:11 |    3782 |     543 |  12.6 |      22 |       1 |   4.3
       D:12 |    3085 |       0 |   0.0 |      15 |       0 |   0.0
       D:13 |    1534 |       0 |   0.0 |       3 |       0 |   0.0
     Lair:1 |    6873 |       0 |   0.0 |      26 |       0 |   0.0
     Lair:2 |    5467 |     313 |   5.4 |      26 |       2 |   7.1
     Lair:3 |    9918 |     940 |   8.7 |      19 |      10 |  34.5
     Lair:4 |    2102 |    3868 |  64.8 |       5 |      13 |  72.2
     Lair:5 |    6138 |   20937 |  77.3 |      24 |      77 |  76.2
            +---------+---------+-------+---------+---------+-------
